 Dungeon Crawl Stone Soup version 0.14-a0-3403-g1f3bc11 (webtiles) character file.

496 Hondor the Cutter (level 6, -9/41 HPs)
             Began as a Kobold Berserker on Mar 20, 2014.
             Was a Priest of Trog.
             Mangled by a mummy (14 damage)
             ... in an ossuary.
             The game lasted 00:17:24 (3311 turns).

Hondor the Cutter (Kobold Berserker)                Turns: 3311, Time: 00:17:26

HP  -9/41        AC 11     Str 18      XL: 6   Next: 99%
MP   6/6         EV  7     Int  6      God: Trog [***...]
Gold 135         SH  0     Dex 14      Spells:  0 memorised,  5 levels left

rFire  . . .     SeeInvis .     m - +0,-2 cutlass (curse)
rCold  . . .     Clarity  .     s - +0 plate armour
rNeg   . . .     Conserve .     (no shield)
rPois  .         rCorr    .     (no helmet)
rElec  .         rRot     .     f - +0 cloak
SustAb . .       Spirit   .     (no gloves)
rMut   .         Warding  .     (no boots)
Saprov + + .     Stasis   .     (no amulet)
MR     ++...                    (no ring)
                                (no ring)

@: regenerating, exhausted, very resistant to hostile enchantments, extremely
unstealthy
A: disease resistance, carnivore 3, saprovore 2
a: Burn Spellbooks, Berserk, Trog's Hand, Renounce Religion


You were in an ossuary.
You worshipped Trog.
Trog was most pleased with you.
You were very full.

You visited 1 branch of the dungeon, and saw 4 of its levels.
You also visited: Ossuary.

You collected 135 gold pieces.

Inventory:

Hand weapons
 a - a +0,+0 short sword
 m - a cursed +0,-2 cutlass (weapon)
Missiles
 j - 10 darts (quivered)
 l - 12 darts of frost
Armour
 f - a +0 cloak (worn)
 s - a +0 plate armour (worn)
Comestibles
 c - 2 meat rations
 v - 2 chunks of gnoll flesh
Scrolls
 d - 3 scrolls of amnesia {unknown}
 h - 4 scrolls of identify {unknown}
 i - 2 scrolls of noise {unknown}
 k - a scroll of blinking {unknown}
 n - 2 scrolls of enchant armour {unknown}
 p - 2 scrolls of remove curse {unknown}
 q - a scroll of enchant weapon I {unknown}
 t - a scroll of fear {unknown}
 u - 2 scrolls of teleportation {unknown}
 w - a scroll of fog {unknown}
Jewellery
 e - an uncursed amulet of resist mutation {unknown}
 r - an uncursed ring of protection from magic {unknown}
Potions
 b - 2 potions of magic {unknown}
 g - a potion of restore abilities {unknown}
 o - 2 potions of heal wounds {unknown}
 x - a potion of lignification {unknown}


   Skills:
 + Level 6.1 Fighting
 + Level 7.2 Short Blades
 - Level 1.5 Armour
 - Level 2.4 Dodging


You had 5 spell levels left.
You didn't know any spells.

Dungeon Overview and Level Annotations

Branches:
Dungeon (4/15)
 Temple: D:4-7

Altars:
Ashenzari
Nemelex Xobeh


Innate Abilities, Weirdness & Mutations

You recuperate from illness quickly.
You are small and have problems with some larger weapons.
You are carnivorous and can eat meat at any time.
You can eat rotten meat.


Message History

* * * LOW HITPOINT WARNING * * *
You closely miss the mummy.
The mummy is moderately damaged.
You hit the mummy but do no damage.
The mummy is moderately damaged.
You feel sick. The mummy hits you but does no damage.
You hit the mummy but do no damage.
The mummy is moderately damaged.
The mummy hits you!
* * * LOW HITPOINT WARNING * * *
A mummy comes into view.
You hit the mummy.
The mummy is heavily damaged.
You hit the mummy.
The mummy is heavily damaged.
You feel yourself speed up.
You feel sick.
You are no longer poisoned.
The mummy hits you!
You die...

#####
#.@M#.+
#.∩.M.#
#∩..#.z.#
##### ###


You could see 2 mummies and a jackal zombie (wandering).

Vanquished Creatures
  The ghost of dprevitalli the Ruinous, an average DECj (D:3)
  A jelly (D:3)
  A hound (D:2)
  Terence (D:2)
  9 gnolls
  A mummy (D:4)
  4 adders
  2 worms
  A giant gecko (D:2)
  11 orcs
  A ball python (D:3)
  3 hobgoblins
  7 jackals
  4 bats
  6 giant newts
  4 goblins
  8 kobolds
  7 rats
72 creatures vanquished.

Vanquished Creatures (others)
  2 plants (Ossuary)
2 creatures vanquished.

Grand Total: 74 creatures vanquished

Notes
Turn   | Place    | Note
--------------------------------------------------------------
     0 | D:1      | Hondor, the Kobold Berserker, began the quest for the Orb.
     0 | D:1      | Reached XP level 1. HP: 14/14 MP: 1/1
   177 | D:1      | Reached XP level 2. HP: 17/19 MP: 2/2
   876 | D:2      | Found a sparkling altar of Nemelex Xobeh.
   897 | D:2      | Reached XP level 3. HP: 24/24 MP: 3/3
   899 | D:2      | Acquired Trog's second power
  1003 | D:2      | Noticed Terence
  1014 | D:2      | Killed Terence
  1196 | D:2      | Reached skill level 5 in Short Blades
  1347 | D:2      | Found a shattered altar of Ashenzari.
  1503 | D:2      | Reached XP level 4. HP: 10/29 MP: 4/4
  2087 | D:2      | Reached XP level 5. HP: 9/34 MP: 5/5
  2526 | D:3      | Reached skill level 6 in Short Blades
  2528 | D:3      | Reached skill level 5 in Fighting
  2663 | D:3      | Reached XP level 6. HP: 40/40 MP: 6/6
  2680 | D:3      | Noticed dprevitalli's ghost (average DECj)
  2706 | D:3      | Killed dprevitalli's ghost
  2877 | D:3      | Reached skill level 7 in Short Blades
  3276 | D:4      | Found a sand-covered staircase.
  3294 | Ossuary  | Entered an ossuary
  3311 | Ossuary  | Mangled by a mummy

Action                   |  1- 3 |  4- 6 || total
-------------------------+-------+-------++-------
Melee: Short sword       |    80 |       ||    80
       Cutlass           |    22 |   222 ||   244
Throw: Dart              |     4 |    11 ||    15
Invok: Berserk           |     4 |     9 ||    13
       Trog's Hand       |       |     2 ||     2
